 Dungeon Crawl Stone Soup version 0.20.1-1-g8b1a95d (console) character file.

72 hilaritas the Shield-Bearer (level 4, 0/36 HPs)
             Began as a Formicid Fighter on Nov 25, 2017.
             Slain by Terence
             ... wielding a +3 flail of draining
              (1 damage)
             ... on level 3 of the Dungeon.
             The game lasted 00:03:45 (1764 turns).

hilaritas the Shield-Bearer (Formicid Fighter)      Turns: 1764, Time: 00:03:46

Health: 0/36       AC:  6    Str: 26    XL:     4   Next: 50%
Magic:  4/4        EV:  7    Int:  8    God:
Gold:   122        SH:  8    Dex: 10    Spells: 3/3 levels left

rFire    . . .     SeeInvis +   a - +0 war axe
rCold    . . .     Gourm    .   c - +0 shield
rNeg     . . .     Faith    .   b - +0 scale mail
rPois    .         Spirit   .   (helmet unavailable)
rElec    .         Reflect  .   (no cloak)
rCorr    .         Harm     .   (no gloves)
MR       .....                  g - -1 pair of boots (curse)
Stlth    ..........             (no amulet)
Regen    0.2/turn               (no ring)
MPRegen  0.1/turn               (no ring)

@: mighty, very heavily drained
A: permanent stasis, dig shafts and tunnels, four strong arms, antennae 3
a: Dig, Shaft Self


You were on level 3 of the Dungeon.
You were not hungry.

You visited 1 branch of the dungeon, and saw 3 of its levels.

You collected 122 gold pieces.

Inventory:

Hand Weapons
 a - a +0 war axe (weapon)
 e - a +0 club
 i - a +0 whip
 k - a +0 hand axe
Armour
 b - a +0 scale mail (worn)
 c - a +0 shield (worn)
 g - a cursed -1 pair of boots (worn)
Jewellery
 v - an uncursed ring of poison resistance {unknown}
Scrolls
 h - a scroll of enchant weapon {unknown}
 l - a scroll of immolation {unknown}
 m - a scroll of fog {unknown}
 t - 2 scrolls of teleportation {unknown}
 u - 2 scrolls of remove curse {unknown}
 w - a scroll of amnesia {unknown}
Potions
 d - a potion of might
 j - a potion of mutation {unknown}
 n - a potion of agility
 q - a potion of heal wounds {unknown}
 s - a potion of flight {unknown}
Comestibles
 f - a bread ration
 o - 2 royal jellies
 r - a meat ration
 x - a chunk of flesh


   Skills:
 + Level 3.6(0.6) Fighting
 * Level 3.5(0.5) Axes
 - Level 3.2(0.3) Armour
 + Level 4.4(1.4) Shields


You had 3 spell levels left.
You didn't know any spells.

Dungeon Overview and Level Annotations

Branches:
Dungeon (3/15)

Altars:

Annotations:
D:3 Terence


Innate Abilities, Weirdness & Mutations

You cannot be hasted, slowed, berserked, paralysed or teleported.
You can dig through walls and to a lower floor.
Your four strong arms can wield two-handed weapons with a shield.
You have a pair of large antennae on your head. (SInv)


Message History

You feel drained.
* * * LOW HITPOINT WARNING * * *
It was a potion of curing.
You feel better. Terence barely misses you.
You feel very mighty all of a sudden. Terence completely misses you.
You closely miss Terence.
Terence hits you with a flail of draining.
You feel drained.
You miss Terence.
Terence hits you with a flail of draining.
* * * LOW HITPOINT WARNING * * *
You feel drained.
* * * LOW HITPOINT WARNING * * *
You closely miss Terence. You block Terence's attack. x2
You feel better.
You barely miss Terence.
Terence hits you with a flail of draining!
* * * LOW HITPOINT WARNING * * *
You feel drained.
You die...

# ##. #..... #...
#.....# ##....#####
#.....# ......†.@.#
#.....# ....#.###@#
#.....##### #####.@...#
#.....#...#
#........#####.....#...#
.....###....##.........#
...# #...#.##.....##...
## #......>.....##..#
....................
#.#.#................ ..
#.####.#.......#... . ..
#.#.#####<....


You could see Terence.

Vanquished Creatures
  3 adders (D:2)
  An ooze (D:2)
  3 dart slugs (D:1)
  A leopard gecko (D:2)
  2 giant cockroaches
  4 hobgoblins
  6 bats (D:2)
  A frilled lizard (D:2)
  7 goblins
  4 kobolds (D:1)
  2 rats (D:1)
34 creatures vanquished.

Notes
Turn   | Place    | Note
-------+----------+-------------------------------------------
     0 | D:1      | hilaritas the Formicid Fighter began the quest for the Orb.
     0 | D:1      | Reached XP level 1. HP: 18/18 MP: 1/1
   153 | D:1      | Reached skill level 4 in Shields
   153 | D:1      | Reached XP level 2. HP: 16/24 MP: 2/2
   777 | D:2      | Reached XP level 3. HP: 29/29 MP: 3/3
   990 | D:2      | Reached XP level 4. HP: 21/35 MP: 4/4
  1740 | D:3      | Noticed Terence
  1764 | D:3      | HP: 1/36 [Terence/flail of draining (11)]
  1764 | D:3      | Slain by Terence

Skill      XL: |  1  2  3 |
---------------+----------+-----
Shields        | 4 |  4.4
Axes           | 3 |  3.5
Fighting       | |  3.6
Armour         | |  3.2

Action                   |  1- 3 |  4- 6 || total
-------------------------+-------+-------++-------
Melee: War axe           |    66 |    56 ||   122
  Use: Potion            |       |     3 ||     3
  Eat: Chunk             |       |     3 ||     3
Armor: Scale mail        |    24 |    21 ||    45
Dodge: Dodged            |    25 |    23 ||    48
Block: Shield            |    38 |    33 ||    71
